 Dungeon Crawl Stone Soup version 0.20-a0-428-g059cf21 (webtiles) character file.

11465 Haroldman the Severer (level 11, -5/82 HPs)
             Began as a Minotaur Berserker on Jan 1, 2017.
             Was the Champion of Trog.
             Shot with a bolt by an orc warrior (21 damage)
             ... on level 2 of the Orcish Mines.
             The game lasted 00:49:05 (11829 turns).

Haroldman the Severer (Minotaur Berserker)         Turns: 11829, Time: 00:49:06

Health: -5/82      AC: 14    Str: 23    XL:     11   Next: 49%
Magic:  3/3        EV:  7    Int:  4    God:    Trog [******]
Gold:   1128       SH:  0    Dex: 18    Spells: 10/10 levels left

rFire  . . .     SeeInvis .     V - +2 battleaxe (antimagic)
rCold  . . .     Gourm    .     o - +0 plate armour
rNeg   . . .     Faith    .     (shield currently unavailable)
rPois  .         Spirit   .     g - +0 hat
rElec  .         Reflect  .     n - +2 cloak {MR+}
rCorr  .         Harm     .     (no gloves)
MR     +....                    (no boots)
Stlth  ..........               (no amulet)
                                y - +6 ring of dexterity
                                C - +3 ring of slaying

@: exhausted, slowed, very slow
A: retaliatory headbutt, horns 2
a: Berserk, Trog's Hand, Brothers in Arms, Burn Spellbooks, Renounce Religion


You were on level 2 of the Orcish Mines.
You worshipped Trog.
Trog was exalted by your worship.
You were very hungry.

You visited 3 branches of the dungeon, and saw 13 of its levels.

You collected 1128 gold pieces.

Inventory:

Hand Weapons
 K - a +0 hand crossbow
 N - a cursed -1 hunting sling
 V - a +2 antimagic battleaxe (weapon)
Missiles
 B - 3 throwing nets (quivered)
 G - 63 sling bullets
Armour
 g - a +0 hat (worn)
 n - a +2 cloak of magic resistance (worn)
 o - a +0 plate armour (worn)
 L - a cursed +0 buckler
Jewellery
 p - an uncursed ring of protection from cold
 y - a +6 ring of dexterity (right hand)
 C - a +3 ring of slaying (left hand)
 E - an uncursed ring of wizardry
 Q - an uncursed ring of see invisible
 U - an uncursed ring of flight {unknown}
Wands
 I - a wand of flame (22/48)
 J - a wand of disintegration (8/24)
 O - a wand of disintegration (15/24)
 S - a wand of polymorph (22/24)
Scrolls
 a - a scroll of blinking {unknown}
 d - 13 scrolls of identify
 e - 4 scrolls of enchant weapon {unknown}
 f - 3 scrolls of teleportation
 h - 5 scrolls of remove curse
 l - 3 scrolls of random uselessness {unknown}
 v - 2 scrolls of enchant armour
 z - a scroll of magic mapping {unknown}
 A - 2 scrolls of fog {unknown}
 D - 2 scrolls of amnesia {unknown}
 F - a scroll of immolation {unknown}
 P - a scroll of fear {unknown}
 R - a scroll of recharging {unknown}
Potions
 b - a potion of mutation {unknown}
 i - 4 potions of heal wounds
 j - 2 potions of brilliance
 m - a potion of agility {unknown}
 q - 2 potions of curing
 t - a potion of flight
 H - 2 potions of ambrosia {unknown}
 M - a potion of lignification {unknown}
Comestibles
 c - 6 bread rations
 k - 2 slices of pizza
 r - a royal jelly
 s - 4 meat rations
 u - 8 beef jerkies
 w - 13 chunks of flesh
 x - 9 fruits


   Skills:
 - Level 3.6 Fighting
 * Level 19.9 Axes
 - Level 2.4 Armour
 - Level 2.1 Dodging
 - Level 0.3 Stealth
 + Level 0.1 Evocations


You had 10 spell levels left.
You didn't know any spells.

Dungeon Overview and Level Annotations

Branches:
Dungeon (10/15)            Temple (1/1) D:4            Lair (0/6) D:8
    Orc (2/2) D:9             Elf (0/3) Orc:2

Altars:
Ashenzari
Cheibriados
Dithmenos
Elyvilon
Fedhas
Gozag
Hepliaklqana
Kikubaaqudgha
Makhleb
Nemelex Xobeh
Okawaru
Qazlal
Ru
Sif Muna
Trog
Uskayaw
Vehumet
Xom
Yredelemnul
Zin
The Shining One
Beogh

Shops:
D:5 %


Innate Abilities, Weirdness & Mutations

You reflexively headbutt those who attack you in melee.
You have a pair of horns on your head.


Message History

Things that are here:
an arbalest; an uncursed trident; 12 bolts You feel a strong urge to attack something.
An orc warrior comes into view. It is wielding a long sword.
The orc warrior shouts! x2
The orc warrior hits you but does no damage.
An orc warrior comes into view. It is wielding a mace.
You are no longer berserk.
You are exhausted.
You feel yourself slow down.
The orc warrior shouts!
The orc unwields an uncursed trident.
The orc wields an arbalest.
The orc shoots a bolt.
The bolt hits you but does no damage.
The orc warrior throws a tomahawk.
The tomahawk hits you.
The orc knight hits you with a great mace!
* * * LOW HITPOINT WARNING * * *
Things that are here:
a tomahawk; a bolt The orc warrior shoots a bolt.
The bolt hits you!!
You die...

#...#....................
##.#...................##
##....(................
#(...............
##...............
###(()(.........
#######))(........
.......)..........
.......o@.(.......
##..##o(##...###..
#.....o....≈≈#
.....o....≈≈≈#
........≈≈≈≈##
....o.≈≈≈≈### .....≈≈≈≈##
.....o.oo. .........o


You could see an orc knight, 5 orc warriors and an orc.

Vanquished Creatures
  An orc high priest (Orc:1)
  The ghost of wazuzu the Thaumaturge, a novice DEFE of Vehumet (D:10)
  Pikel (D:6)
  An orc knight (D:9)
  Joseph (D:7)
  The ghost of Soeti the Chopper, an amateur DDFi (D:4)
  Prince Ribbit (D:5)
  Grinder (D:5)
  2 trolls
  Sigmund (D:5)
  A wyvern (D:8)
  Grum (D:8)
  Menkaure (D:5)
  A yak (D:8)
  3 wargs
  A porcupine (D:8)
  An ice beast (D:9)
  A sky beast (D:6)
  2 black bears (D:8)
  17 orc warriors
  A slave (D:6)
  A phantom (D:9)
  3 wolves (D:8)
  7 centaurs
  A crocodile (D:8)
  14 ogres
  Blork the orc (D:5)
  A wyvern zombie (D:9)
  2 big kobolds
  2 bullfrogs
  A wyvern skeleton (D:10)
  5 killer bees
  2 scorpions
  4 wights (D:8)
  2 crimson imps (D:5)
  3 bullfrog zombies
  3 hounds
  3 jellies
  Crazy Yiuf (D:2)
  17 orc priests
  Jessica (D:2)
  3 iguanas
  14 orc wizards
  5 worker ants
  Terence (D:2)
  A hound zombie (D:7)
  A hound skeleton (D:7)
  A worker ant zombie (D:5)
  17 gnolls
  11 adders
  A shadow imp (D:6)
  2 adder skeletons
  An adder zombie (D:7)
  4 worms
  2 dart slugs
  6 leopard geckos
  87 orcs
  2 ball pythons
  3 bats
  6 giant cockroaches
  9 goblins
  13 hobgoblins
  15 kobolds
  5 quokkas
  5 frilled lizards
  A jackal skeleton (D:4)
  3 rats
  2 fungi (D:8)
  A plant (D:8)
337 creatures vanquished.

Vanquished Creatures (others)
  An orc wizard (D:9)
  A fungus (D:8)
  4 plants (D:8)
6 creatures vanquished.

Grand Total: 343 creatures vanquished

Notes
Turn   | Place    | Note
-------+----------+-------------------------------------------
     0 | D:1      | Haroldman the Minotaur Berserker began the quest for the Orb.
     0 | D:1      | Reached XP level 1. HP: 19/19 MP: 0/0
    40 | D:1      | Reached skill level 4 in Axes
   250 | D:1      | Reached XP level 2. HP: 23/26 MP: 1/1
   441 | D:1      | Found a shattered altar of Ashenzari.
  1276 | D:2      | Reached skill level 5 in Axes
  1313 | D:2      | Found a sacrificial altar of Ru.
  1336 | D:2      | Reached XP level 3. HP: 31/31 MP: 2/2
  1453 | D:2      | Reached skill level 6 in Axes
  1453 | D:2      | Reached XP level 4. HP: 17/39 MP: 3/3
  1590 | D:2      | Noticed Terence
  1598 | D:2      | Killed Terence
  1598 | D:2      | Reached ** piety under Trog
  1670 | D:2      | Found a runed door.
  1879 | D:2      | Noticed Jessica
  1886 | D:2      | Killed Jessica
  1886 | D:2      | Reached skill level 7 in Axes
  1886 | D:2      | Reached XP level 5. HP: 44/45 MP: 4/4
  2074 | D:2      | Noticed Crazy Yiuf
  2082 | D:2      | Killed Crazy Yiuf
  2593 | D:3      | Reached skill level 8 in Axes
  2853 | D:3      | Reached XP level 6. HP: 51/51 MP: 5/5
  3191 | D:4      | Reached *** piety under Trog
  3396 | D:4      | Reached skill level 9 in Axes
  3465 | D:4      | Noticed Soeti's ghost (amateur DDFi)
  3480 | D:4      | Killed Soeti's ghost
  3480 | D:4      | Reached skill level 10 in Axes
  3480 | D:4      | Reached XP level 7. HP: 44/57 MP: 6/6
  3797 | D:4      | Found a hide-covered altar of Uskayaw.
  3865 | D:4      | Found a staircase to the Ecumenical Temple.
  3944 | Temple   | Entered the Ecumenical Temple
  5088 | D:5      | Entered Level 5 of the Dungeon
  5088 | D:5      | Noticed Menkaure
  5095 | D:5      | Killed Menkaure
  5095 | D:5      | Reached skill level 11 in Axes
  5097 | D:5      | Noticed Sigmund
  5098 | D:5      | Found Orowki's Food Shop.
  5099 | D:5      | Killed Sigmund
  5099 | D:5      | Reached XP level 8. HP: 36/64 MP: 7/7
  5159 | D:5      | Reached skill level 12 in Axes
  5200 | D:5      | Noticed Blork the orc
  5207 | D:5      | Killed Blork the orc
  5328 | D:5      | Noticed Prince Ribbit
  5349 | D:5      | Killed Prince Ribbit
  5349 | D:5      | Reached skill level 13 in Axes
  5354 | D:5      | Noticed Grinder
  5384 | D:5      | Killed Grinder
  5602 | D:5      | Reached XP level 9. HP: 70/70 MP: 2/8
  5769 | D:6      | You fall through a shaft!
  5769 | D:7      | Noticed Joseph
  5783 | D:8      | Reached skill level 14 in Axes
  5835 | D:8      | Found a hazy altar of Hepliaklqana.
  5845 | D:8      | Reached **** piety under Trog
  5930 | D:7      | Killed Joseph
  6006 | D:7      | Reached skill level 15 in Axes
  6899 | D:6      | Found a stormy altar of Qazlal.
  7046 | D:6      | Found a deep blue altar of Sif Muna.
  7151 | D:6      | Reached skill level 16 in Axes
  7353 | D:6      | Noticed Pikel
  7358 | D:6      | Killed Pikel
  7358 | D:6      | Reached XP level 10. HP: 77/77 MP: 3/9
  7627 | D:6      | Found a basalt altar of Yredelemnul.
  7696 | D:6      | Found a snail-covered altar of Cheibriados.
  7696 | D:6      | Found a blossoming altar of Fedhas.
  7964 | D:8      | Reached ***** piety under Trog
  8071 | D:8      | Found an opulent altar of Gozag.
  8140 | D:8      | Noticed Grum
  8147 | D:8      | Reached skill level 17 in Axes
  8152 | D:8      | Killed Grum
  8595 | D:8      | Found a staircase to the Lair.
  9100 | D:9      | Found a shimmering altar of Xom.
  9100 | D:9      | Found a shattered altar of Ashenzari.
  9106 | D:9      | Found a faded altar of an unknown god.
  9108 | D:9      | Found a bloodstained altar of Trog.
  9109 | D:9      | Found a deep blue altar of Sif Muna.
  9350 | D:9      | Found a shimmering altar of Xom.
  9382 | D:9      | Reached skill level 18 in Axes
  9594 | D:10     | Entered Level 10 of the Dungeon
  9681 | D:10     | Noticed wazuzu's ghost (novice DEFE)
  9691 | D:10     | Killed wazuzu's ghost
  9938 | D:9      | Noticed an orc knight
  9952 | D:9      | Killed an orc knight
  9952 | D:9      | Reached XP level 11. HP: 34/82 MP: 3/10
 10169 | D:9      | Found a staircase to the Orcish Mines.
 10179 | Orc:1    | Entered Level 1 of the Orcish Mines
 10183 | Orc:1    | Noticed an orc high priest
 10185 | Orc:1    | Noticed a soul eater
 10188 | Orc:1    | Noticed a sun demon
 10691 | Orc:1    | Killed an orc high priest
 10691 | Orc:1    | Reached skill level 19 in Axes
 10913 | Orc:1    | Reached ****** piety under Trog
 10938 | Orc:1    | Found a roughly hewn altar of Beogh.
 11165 | Orc:1    | Received a gift from Trog
 11316 | Orc:2    | Entered Level 2 of the Orcish Mines
 11344 | Orc:2    | Found a staircase to the Elven Halls.
 11823 | Orc:2    | Noticed an orc knight
 11829 | Orc:2    | Shot with a bolt by an orc warrior

Vault maps used:
D:1:      grunt_arrival_lava_bath, evilmike_ruin_ashenzari
D:2:      nicolae_ru_great_annihilating_truth, minmay_cupped,
          uniq_crazy_yiuf_cottage, uniq_jessica, uniq_terence
D:3:      kennysheep_big_flooded_room, first_bread, minmay_misc_feat_plants,
          grunt_ministairs_5
D:4:      eat_drink_and_be_merry_uskayaw, kennysheep_generic_room_5
D:5:      serial_shops, shop, uniq_grinder, uniq_menkaure, uniq_blork_the_orc,
          uniq_prince_ribbit1, uniq_sigmund
D:6:      gammafunk_temple_overflow_elements, grunt_qazlal_clouds,
          overflow_temple_1_default, led_sif_book, uniq_pikel
D:7:      grunt_ogre_cave, uniq_joseph
D:8:      lemuel_crystal_altar, old_standard_altar,
          grunt_lair_entry_orc_guard_hut, uniq_grum
D:9:      kennysheep_blocky_hall, chequers_temple_overflow_minitemple,
          orc_0_dummy, basic_altar, special_room
D:10:     nicolae_gozag_seed_capital
Temple:   jpeg_temple_island
Orc:1:    lemuel_ogre_cave, serial_shops, shop, mines1_david
Orc:2:    st_orc_rangers, basic_altar, kennysheep_orc_chapel

Skill      XL: |  1  2  3  4  5  6  7  8  9 10 11 |
---------------+----------------------------------+-----
Axes           | 4 5 6 7 8 10 11 13 16 18 19 | 19.9
Fighting       | |  3.6
Armour         | |  2.4
Dodging        | |  2.1
Stealth        | |  0.3
Evocations     | |  0.1

Action                   |  1- 3 |  4- 6 |  7- 9 | 10-12 || total
-------------------------+-------+-------+-------+-------++-------
Melee: Hand axe          |    65 |   149 |       |       ||   214
       Headbutt          |     7 |    41 |    49 |    70 ||   167
       War axe           |       |    27 |    42 |       ||    69
       Battleaxe         |       |       |   154 |   275 ||   429
Throw: Throwing net      |       |       |       |     1 ||     1
Invok: Berserk           |     1 |     1 |     1 |     8 ||    11
       Trog's Hand       |       |       |     2 |     2 ||     4
       Burn Spellbooks   |       |       |     1 |       ||     1
Evoke: Wand              |       |       |       |     2 ||     2
  Use: Potion            |       |     1 |     7 |     2 ||    10
       Scroll            |       |       |     3 |     1 ||     4
 Stab: Paralysed         |     1 |       |       |       ||     1
  Eat: Chunk             |     2 |     7 |    13 |    17 ||    39
       Pizza             |       |       |     1 |       ||     1
       Bread ration      |       |       |       |     1 ||     1
Armor: Animal skin       |     2 |       |       |       ||     2
       Ring mail         |     9 |       |       |       ||     9
       Plate armour      |     9 |    75 |    79 |   139 ||   302
Dodge: Dodged            |    26 |    37 |    55 |    82 ||   200
